 Dungeon Crawl Stone Soup version 0.18-a0-917-g8a3da5b (webtiles) character file.

129 Duffy the Skirmisher (level 5, -1/47 HPs)
             Began as a Hill Orc Fighter on Dec 26, 2015.
             Slain by Purgy (5 damage)
             ... in a sewer.
             The game lasted 00:01:34 (1588 turns).

Duffy the Skirmisher (Hill Orc Fighter)             Turns: 1588, Time: 00:01:34

Health: -1/47      AC: 10    Str: 19    XL:     5   Next: 12%
Magic:  5/5        EV:  5    Int:  9    God:
Gold:   161        SH:  9    Dex: 10    Spells: 0 memorised, 4 levels left

rFire  . . .     SeeInvis .     a - +0 war axe
rCold  . . .     Gourm    .     j - +0 chain mail
rNeg   . . .     Faith    .     c - +0 shield
rPois  .         Spirit   .     (no helmet)
rElec  .         Dismiss  .     (no cloak)
rCorr  .         Reflect  .     (no gloves)
SustAt .         Harm     .     l - +0 pair of boots
MR     .....                    (no amulet)
Stlth  ..........               (no ring)
                                (no ring)

@: not resistant to hostile enchantments, extremely unstealthy
A: no striking features
a: no special abilities


You were in a sewer.
You were hungry.

You visited 1 branch of the dungeon, and saw 3 of its levels.
You also visited: Sewer.

You collected 161 gold pieces.


   Skills:
 + Level 4.5 Fighting
 + Level 4.2 Axes
 + Level 4.1 Armour
 + Level 1.7 Dodging
 - Level 3.2 Shields


You had 4 spell levels left.
You didn't know any spells.

Inventory:

Hand Weapons
 a - a +0 war axe (weapon)
Missiles
 g - 15 poisoned needles
Armour
 b - a +0 scale mail
 c - a +0 shield (worn)
 j - a +0 chain mail (worn)
 l - a +0 pair of boots (worn)
Jewellery
 p - a cursed ring of loudness {unknown}
Wands
 h - a wand of random effects (9/48)
Scrolls
 e - 2 scrolls of remove curse {unknown}
 i - 3 scrolls of enchant weapon {unknown}
 o - a scroll of teleportation {unknown}
 q - a scroll of recharging {unknown}
Potions
 d - 2 potions of might
 k - 2 potions of poison {unknown}
 n - 2 potions of curing {unknown}
Comestibles
 f - a bread ration
 m - a slice of pizza

Dungeon Overview and Level Annotations

Branches:
Dungeon (3/15)

Altars:
Dithmenos
Okawaru

Annotations:
Sewer Purgy


Message History

You are too injured to fight recklessly!
You are too injured to fight recklessly!
You are too injured to fight recklessly!
You are too injured to fight recklessly!
You are too injured to fight recklessly!
You are too injured to fight recklessly!
You are too injured to fight recklessly!
You are too injured to fight recklessly!
You are too injured to fight recklessly!
You are too injured to fight recklessly!
You are too injured to fight recklessly!
You are too injured to fight recklessly!
You are too injured to fight recklessly!
You are too injured to fight recklessly!
You are too injured to fight recklessly!
You are too injured to fight recklessly!
You are too injured to fight recklessly!
You are too injured to fight recklessly!
You are too injured to fight recklessly!
You hit Purgy but do no damage.
Purgy is moderately wounded.
Purgy bites you but does no damage. Purgy barely misses you.
You block Purgy's attack.
Your shield and chain mail prevent you from hitting Purgy.
Purgy is lightly wounded.
Purgy barely misses you. Purgy claws you but does no damage.
Purgy claws you but does no damage. Purgy bites you. You block Purgy's attack.
Purgy claws you but does no damage.
You closely miss Purgy.
Purgy is lightly wounded.
Purgy bites you. Purgy claws you but does no damage. Purgy claws you.
You slash Purgy!
Purgy is moderately wounded.
Purgy bites you.
You die...

### #\# #.#
+##+##+##.##+##+##+#
...................#####
~~~~~~~~~.~~~~~~~~~#~~~~
~~~~~~~~~\~~~~~~~~~#~~~~
~~~~~~~~~.~~~~~~~~~#~~~~
.......@...........#
+##+##T##)##'##)##%# #.
#.##.##.##.# #.
#.##.##.##.# ##
############


You could see Purgy.

Action                   |  1- 3 |  4- 6 || total
-------------------------+-------+-------++-------
Melee: War axe           |    71 |   104 ||   175
  Eat: Chunk             |       |     2 ||     2

Notes
Turn   | Place    | Note
--------------------------------------------------------------
     0 | D:1      | Duffy the Hill Orc Fighter began the quest for the Orb.
     0 | D:1      | Reached XP level 1. HP: 19/19 MP: 1/1
    30 | D:1      | Reached skill level 3 in Axes
   108 | D:1      | Reached XP level 2. HP: 22/27 MP: 2/2
   684 | D:2      | Found an iron altar of Okawaru.
   741 | D:2      | Found a shadowy altar of Dithmenos.
   754 | D:2      | Noticed Natasha
   760 | D:2      | Killed Natasha
   760 | D:2      | Reached skill level 4 in Fighting
   760 | D:2      | Reached skill level 1 in Dodging
   760 | D:2      | Reached XP level 3. HP: 30/33 MP: 3/3
   864 | D:2      | Noticed Natasha
   871 | D:2      | Killed Natasha
   921 | D:2      | Noticed Natasha
   924 | D:2      | Killed Natasha
   924 | D:2      | Reached XP level 4. HP: 35/40 MP: 4/4
  1151 | D:2      | Noticed Ijyb
  1160 | D:2      | Killed Ijyb
  1217 | D:2      | Reached skill level 4 in Axes
  1324 | D:3      | Reached skill level 4 in Armour
  1441 | D:3      | Reached XP level 5. HP: 47/47 MP: 5/5
  1450 | D:3      | Found a glowing drain.
  1466 | Sewer    | Entered a sewer
  1560 | Sewer    | Noticed Purgy
  1588 | Sewer    | Slain by Purgy

Vault maps used:
D:1:      lightli_arrival_flooded_house, minmay_misc_feat_secret_circle
D:2:      nicolae_overflow_hidden_temple, okawaru_gym_becter,
          lemuel_coloured_pillars_altar, serial_bayou_pond_e, uniq_natasha,
          uniq_iyjb
D:3:      gammafunk_temple_overflow_elements, portal_sewer_entry_b, uniq_robin
Sewer:    kennysheep_door_sewer

Vanquished Creatures
  Ijyb Natasha (thrice)
  An adder
  2 oozes
  2 worms
  4 orcs
  A ball python
  7 bats
  2 giant cockroaches
  6 goblins
  A hobgoblin
  8 kobolds
  2 giant newts
  A quokka
  4 rats
45 creatures vanquished.
